 Dungeon Crawl Stone Soup version 0.26.0-10-g1f06aea511 (console) character file.

Game seed: 6567805956965365145

1740 jejorda2 the Basher (level 8, -2/60 HPs)
             Began as a Demonspawn Berserker on Jan 14, 2021.
             Was an Elder of Trog.
             Slain by an orc warrior
             ... wielding a +0 glaive
              (27 damage)
             ... on level 7 of the Dungeon.
             The game lasted 00:19:07 (6975 turns).

jejorda2 the Basher (Demonspawn Berserker)          Turns: 6975, Time: 00:19:08

Health: -2/60      AC: 13    Str: 25    XL:     8   Next: 77%
Magic:  8/8        EV:  9    Int:  8    God:    Trog [****..]
Gold:   427        SH:  0    Dex: 14    Spells: 7/7 levels left

rFire    . . .     SeeInvis +   a - +0 flail
rCold    . . .     Faith    .   (no shield)
rNeg     . . .     Spirit   .   m - +0 chain mail
rPois    .         Reflect  .   (helmet restricted)
rElec    .         Harm     .   e - +1 cloak
rCorr    .         Rampage  .   (no gloves)
Will     .....                  (no boots)
Stlth    ..........             l - amulet of inaccuracy (curse)
HPRegen  0.20/turn              b - ring of see invisible
MPRegen  0.11/turn              s - +6 ring of strength

@: berserk cooldown, hasted and slowed
A: antennae 2, icy blue scales 1
a: Renounce Religion, Berserk, Trog's Hand, Brothers in Arms


You were on level 7 of the Dungeon.
You worshipped Trog.
Trog was greatly pleased with you.
You visited 1 branch of the dungeon, and saw 7 of its levels.

You collected 427 gold pieces.

Inventory:

Hand Weapons
 a - a +0 flail (weapon)
Missiles
 k - 27 poisoned darts (quivered)
 n - 7 boomerangs
 q - 2 silver javelins
Armour
 e - a +1 cloak (worn)
 m - a +0 chain mail (worn)
Jewellery
 b - a ring of see invisible (left hand)
 l - a cursed amulet of inaccuracy (around neck)
 s - a +6 ring of strength (right hand)
Wands
 t - a wand of random effects (32)
 u - a wand of disintegration (12)
Scrolls
 g - 4 scrolls of enchant weapon
 h - 3 scrolls of teleportation
 j - a scroll of magic mapping
 v - 2 scrolls of enchant armour
 w - a scroll of fear
 x - 2 scrolls of identify
Potions
 c - a potion of attraction
 d - 4 potions of resistance
 i - a potion of flight
 o - 3 potions of heal wounds
 p - 2 potions of curing
 r - a potion of magic


   Skills:
 - Level 4.0 Fighting
 * Level 9.8 Maces & Flails
 - Level 4.0 Armour
 - Level 1.7 Dodging


You had 7 spell levels left.
You didn't know any spells.
Your spell library was empty.

Dungeon Overview and Level Annotations

Branches:
Dungeon (7/15)             Temple (0/1) D:4

Altars:
Elyvilon
Fedhas
Gozag
Hepliaklqana
Nemelex Xobeh
Ru
Vehumet
The Shining One

Annotations:
D:4 1 runed translucent door, HeHawThorn's ghost, amateur DrCj


Innate Abilities, Weirdness & Mutations

You have a pair of antennae on your head.
You are partially covered in icy blue scales. (AC +2)


Message History

You closely miss the orc warrior.
The orc warrior is heavily wounded.
The orc warrior hits you with a +0 glaive!
You barely miss the orc warrior.
The orc warrior is heavily wounded.
The orc warrior barely misses you.
You sock the orc warrior!
The orc warrior is severely wounded.
The orc warrior barely misses you. x2
You feel yourself speed up.
Your skin stops crawling.
You feel less strong-willed.
A leopard gecko comes into view.
The orc warrior misses you.
You closely miss the orc warrior.
The orc warrior is severely wounded.
The leopard gecko hisses angrily.
You hit the orc warrior.
The orc warrior is almost dead.
The orc warrior hits you with a +0 glaive!!
You die...

..# #.....#.# ..## #....#.#
...# #....#.# ...#
#########.l..#.##
...####.......#.......#
..............#.o..#..###
..#.###.......##oo......#
..............##o##.....#
...####.#+######@##.....#
...# #.......##.##.....#
..## #.................# ..#
#...........#.....# ).#
#.#.#..###...#.#### ..#
#.#.#..##.........#######
..#
..#.#..##............##.###
..#
#....#................##..[#
..#
.....#.###............##.#.#


You could see an orc warrior, an orc wizard (invisible), 2 orcs and a leopard
gecko.

Vanquished Creatures
  2 sky beasts (D:6)
  An orc warrior (D:7)
  4 centaurs
  2 scorpions (D:4)
  2 howler monkeys
  A bullfrog zombie (D:7)
  A centaur skeleton (D:7)
  5 bullfrog skeletons
  2 orc priests
  A gnoll shaman (D:6)
  A hound (D:4)
  A jelly (D:7)
  4 orc wizards
  Jessica (D:3)
  2 iguanas
  Terence (D:2)
  3 worker ants
  4 gnolls (D:6)
  14 adders
  A howler monkey skeleton (D:5)
  A shadow imp (D:5)
  3 white imps
  An adder skeleton (D:4)
  An adder zombie (D:5)
  A worm (D:2)
  2 dart slugs (D:1)
  A leopard gecko (D:6)
  12 orcs
  3 giant cockroaches
  3 hobgoblins
  12 jackals
  3 quokkas
  3 ball pythons (D:4)
  7 bats
  6 frilled lizards
  8 goblins
  9 kobolds
  A leopard gecko zombie (D:7)
  A quokka skeleton (D:4)
  9 rats
140 creatures vanquished.

Notes
Turn   | Place    | Note
-------+----------+-------------------------------------------
     0 | D:1      | jejorda2 the Demonspawn Berserker began the quest for the
                  | Orb.
     0 | D:1      | Reached XP level 1. HP: 18/18 MP: 1/1
   303 | D:1      | Reached skill level 3 in Maces & Flails
   305 | D:1      | Gained mutation: You are partially covered in icy blue
                  | scales. (AC +2) [demonic ancestry]
   305 | D:1      | Reached XP level 2. HP: 18/24 MP: 2/2
   811 | D:2      | Reached XP level 3. HP: 7/29 MP: 3/3
  1145 | D:2      | Noticed Terence
  1154 | D:2      | Killed Terence
  1155 | D:2      | Gained mutation: You have a pair of small antennae on your
                  | head. [demonic ancestry]
  1155 | D:2      | Reached XP level 4. HP: 36/36 MP: 4/4
  1277 | D:2      | Reached ** piety under Trog
  1698 | D:2      | Reached skill level 4 in Maces & Flails
  1986 | D:3      | Found an opulent altar of Gozag.
  2025 | D:3      | Reached XP level 5. HP: 39/42 MP: 5/5
  2283 | D:3      | Noticed Jessica
  2297 | D:3      | Killed Jessica
  2422 | D:3      | Found a hazy altar of Hepliaklqana.
  2432 | D:3      | Found a radiant altar of Vehumet.
  2433 | D:3      | Found a white marble altar of Elyvilon.
  2775 | D:4      | Gained mutation: You have a pair of antennae on your head.
                  | [demonic ancestry]
  2775 | D:4      | Reached XP level 6. HP: 30/48 MP: 6/6
  2784 | D:4      | Reached skill level 5 in Maces & Flails
  3087 | D:4      | Found a runed translucent door.
  3087 | D:4      | Noticed HeHawThorn's ghost (amateur DrCj)
  3569 | D:4      | Reached XP level 7. HP: 54/54 MP: 7/7
  3629 | D:4      | Found a sparkling altar of Nemelex Xobeh.
  3935 | D:4      | Reached skill level 6 in Maces & Flails
  4074 | D:4      | Found a staircase to the Ecumenical Temple.
  4194 | D:5      | Entered Level 5 of the Dungeon
  4387 | D:5      | Found a sacrificial altar of Ru.
  4730 | D:5      | Reached *** piety under Trog
  4972 | D:5      | Reached skill level 7 in Maces & Flails
  5583 | D:6      | Reached skill level 8 in Maces & Flails
  5583 | D:6      | Reached XP level 8. HP: 37/60 MP: 8/8
  5942 | D:6      | Found a blossoming altar of Fedhas.
  6092 | D:6      | Found a glowing golden altar of the Shining One.
  6493 | D:7      | Reached skill level 9 in Maces & Flails
  6499 | D:7      | Reached **** piety under Trog
  6975 | D:7      | Slain by an orc warrior

Illustrated notes

Levels and vault maps discovered:
D:1:      minmay_arrival_diagonal_passages, layout_rooms, minmay_tetromino_t2
D:2:      layout_rooms, uniq_terence
D:3:      layout_loops_ring, old_standard_altar, minitemple, uniq_jessica
D:4:      layout_loops_ring, nemelex_xobeh_ov_fountains_minmay, temple_doors_cd,
          gammafunk_ghost_grave, kennysheep_generic_room_3
D:5:      layout_loops_corners, general_overflow_altar
D:6:      layout_basic, fedhas_altar_2, tso_metal_star
D:7:      hangedman_cross_stitches, layout_basic, kennysheep_path_1,
          minmay_misc_feat_chi

Skill      XL: |  1  2  3  4  5  6  7  8 |
---------------+-------------------------+-----
Maces & Flails | 3 4 5 8 9 |  9.8
Armour         | 2 3 4 |  4.0
Fighting       | 4 |  4.0
Dodging        | |  1.7

Action                   |  1- 3 |  4- 6 |  7- 9 || total
-------------------------+-------+-------+-------++-------
Melee: Mace              |    69 |   206 |   124 ||   399
       Flail             |       |       |   176 ||   176
Throw: Dart              |       |    17 |     4 ||    21
Invok: Berserk           |     2 |       |     6 ||     8
       Trog's Hand       |       |       |     2 ||     2
  Use: Scroll            |       |       |    17 ||    17
       Potion            |       |       |     2 ||     2
 Stab: Sleeping          |     3 |       |       ||     3
Armor: Animal skin       |    19 |       |       ||    19
       Scale mail        |       |   109 |   130 ||   239
       Chain mail        |       |       |    21 ||    21
Dodge: Dodged            |    53 |   117 |   172 ||   342
